 Dungeon Crawl Stone Soup version 0.23-a0-408-g9d4b7ed (webtiles) character file.

550 nujazz the Skirmisher (level 7, -4/44 HPs)
             Began as a Gargoyle Skald on Nov 8, 2018.
             Killed from afar by Dowan (18 damage)
             ... with a shard of ice
             ... on level 4 of the Dungeon.
             The game lasted 00:07:29 (3074 turns).

nujazz the Skirmisher (Gargoyle Skald)              Turns: 3074, Time: 00:07:30

Health: -4/44      AC: 10    Str: 17    XL:     7   Next: 29%
Magic:  9/10       EV: 12    Int: 13    God:
Gold:   155        SH:  0    Dex: 14    Spells: 7/10 levels left

rFire    . . .     SeeInvis .   a - +0 mace
rCold    . . .     Gourm    .   (no shield)
rNeg     + . .     Faith    .   v - +0 leather armour
rPois    ∞         Spirit   .   (no helmet)
rElec    +         Reflect  .   (no cloak)
rCorr    +         Harm     .   i - +1 pair of gloves
MR       .....                  (no boots)
Stlth    +.........             t - amulet of regeneration
HPRegen  0.54/turn              l - +5 ring of dexterity
MPRegen  0.12/turn              s - ring of resist corrosion

@: no status effects
A: negative energy resistance 1, electricity resistance, unbreathing,
petrification resistance, rot immunity, AC +4
a: no special abilities


You were on level 4 of the Dungeon.
You were not hungry.

You visited 1 branch of the dungeon, and saw 4 of its levels.

You collected 155 gold pieces.

Inventory:

Hand Weapons
 a - a +0 mace (weapon)
 f - a +0 hunting sling
Armour
 i - a +1 pair of gloves (worn)
 k - a +0 shield
 n - a +0 chain mail
 v - a +0 leather armour (worn)
Jewellery
 l - a +5 ring of dexterity (left hand)
 s - a ring of resist corrosion (right hand)
 t - an amulet of regeneration (around neck)
Scrolls
 b - a scroll of blinking {unknown}
 c - 2 scrolls of random uselessness {unknown}
 e - 3 scrolls of identify {unknown}
 g - 2 scrolls of remove curse {unknown}
 h - a scroll of enchant armour {unknown}
 o - a scroll of fog {unknown}
 r - 2 scrolls of amnesia {unknown}
 y - a scroll of noise {unknown}
Potions
 j - a potion of resistance {unknown}
 m - a potion of lignification {unknown}
 p - a potion of heal wounds {unknown}
 q - 2 potions of curing {unknown}
 u - a potion of cancellation {unknown}
 w - a potion of flight {unknown}
 x - a potion of brilliance {unknown}
Comestibles
 d - 6 rations


   Skills:
 * Level 5.4 Fighting
 * Level 4.9 Maces & Flails
 + Level 2.4 Armour
 - Level 1.5 Dodging
 - Level 2.0 Spellcasting
 - Level 4.0 Charms


You had 7 spell levels left.
You knew the following spells:

 Your Spells              Type           Power        Failure   Level  Hunger
a - Infusion              Chrm           ##..         6%          1    ##.....
b - Song of Slaying       Chrm           ##......     9%          2    ###....

Your spell library contained the following spells:

 Spells                   Type           Power        Failure   Level  Hunger
 Shroud of Golubria       Chrm/Tloc      #.........   21%         2    ###....
 Summon Small Mammal      Summ           #...         30%         1    ##.....
 Regeneration             Chrm/Necr      #.........   36%         3    ####...
 Spectral Weapon          Hex/Chrm       #.......     36%         3    ####...
 Call Imp                 Summ           #.......     41%         2    ###....
 Call Canine Familiar     Summ           #.......     65%         3    ####...
 Summon Guardian Golem    Hex/Summ       #.......     65%         3    ####...
 Summon Ice Beast         Ice/Summ       #.......     96%         4    #####..
 Summon Lightning Spire   Summ/Air       #.......     96%         4    #####..


Dungeon Overview and Level Annotations

Branches:
Dungeon (4/15)
 Temple: D:4-7

Altars:
Dithmenos
Kikubaaqudgha
Ru

Annotations:
D:4 Dowan


Innate Abilities, Weirdness & Mutations

You are resistant to torment.
Your stone body is resilient. (AC +4)
You are immune to poison.
You resist negative energy. (rN+)
You are resistant to electric shocks. (rElec)
You can survive without breathing.
You are immune to petrification.
You are immune to rotting.


Message History

Dowan is moderately wounded.
Dowan barely misses you. Dowan hits you but does no damage.
You hit Dowan but do no damage.
Dowan is moderately wounded.
Dowan points at you and mumbles some strange words.
The shard of ice hits you!
* * * LOW HITPOINT WARNING * * *
Dowan barely misses you.
You closely miss Dowan.
Dowan is moderately wounded.
Dowan breathes, "And she was my only..."
Dowan hits you but does no damage. x2
You barely miss Dowan.
Dowan is moderately wounded.
Dowan hits you but does no damage.
You hit Dowan.
Dowan is moderately wounded.
Dowan points at you and mumbles some strange words.
The shard of ice hits you!
You die...

#.......#.# #.....#...#
##...##...# .#######.#.#
...).......# #.#.##...#.#
############. #.. #..##.#
...........#.# #.# #..##.#
.####.####@#.# #.# #..##.#
#.#.8#e#.# #.# #..##.#
#.#..#.#.# #.# #..†)..
.#+##.#'##.#.# #.# #..##.#
...........#.###.####..##.#
.#+##.#'##.#..............#
#.#..#.#.###.####..##.#
+.'..#.#.# #.# #..##.#
#.####.####.#.########..##.#


You could see Dowan.

Vanquished Creatures
  Duvessa (D:4)
  A sky beast (D:2)
  An ogre (D:3)
  A hound (D:2)
  An orc wizard (D:3)
  An iguana (D:4)
  9 adders
  3 gnolls (D:4)
  2 oozes
  A worm (D:2)
  A dart slug (D:1)
  3 leopard geckos
  6 orcs (D:3)
  10 bats
  A giant cockroach (D:3)
  8 hobgoblins
  A quokka (D:2)
  A ball python (D:3)
  6 frilled lizards
  2 goblins (D:2)
  6 kobolds
  12 rats
78 creatures vanquished.

Notes
Turn   | Place    | Note
-------+----------+-------------------------------------------
     0 | D:1      | nujazz the Gargoyle Skald began the quest for the Orb.
     0 | D:1      | Reached XP level 1. HP: 12/12 MP: 3/3
   337 | D:1      | Reached XP level 2. HP: 18/18 MP: 5/5
   806 | D:1      | Reached XP level 3. HP: 22/22 MP: 6/6
  1040 | D:1      | You fall through a shaft!
  1056 | D:2      | Reached skill level 3 in Fighting
  1056 | D:2      | Reached XP level 4. HP: 22/28 MP: 7/7
  1401 | D:2      | Noticed a sky beast
  1464 | D:2      | Killed a sky beast
  1464 | D:2      | Reached skill level 4 in Fighting
  1464 | D:2      | Reached XP level 5. HP: 15/33 MP: 8/8
  1672 | D:2      | Found an ancient bone altar of Kikubaaqudgha.
  2002 | D:3      | Reached XP level 6. HP: 38/38 MP: 9/9
  2007 | D:3      | Learned a level 2 spell: Song of Slaying
  2325 | D:3      | Found a shadowy altar of Dithmenos.
  2450 | D:3      | Reached skill level 5 in Fighting
  2617 | D:3      | Found a sacrificial altar of Ru.
  2963 | D:4      | Reached XP level 7. HP: 33/44 MP: 8/10
  3038 | D:4      | Noticed Duvessa
  3039 | D:4      | Noticed Dowan
  3068 | D:4      | Killed Duvessa
  3074 | D:4      | Killed from afar by Dowan

Vault maps used:
D:1:      nzn_arrival_depleted_hourglass, grunt_decor_cap
D:2:      kiku_gazebo_garden_becter, first_ration
D:3:      nicolae_ru_the_path_less_chosen, serial_rivers,
          chequers_serial_rivers_micro_b, chequers_serial_rivers_micro_e,
          chequers_serial_rivers_small_b, chequers_serial_rivers_micro_a,
          chequers_serial_rivers_small_3, chequers_serial_rivers_small_a,
          hangedman_decor_diamond_cutter, grunt_ministairs_1,
          grunt_dithmenos_smoke
D:4:      minmay_door_path, bloody_trog, lemuel_round_altar,
          grunt_temple_overflow_open, minmay_statues_item,
          minmay_misc_feat_enclosed, uniq_duvessa

Skill      XL: |  1  2  3  4  5  6 |
---------------+-------------------+-----
Charms         | 3 4 |  4.0
Fighting       | 3 4 5 |  5.4
Maces & Flails | 3 4 |  4.9
Armour         | 2 |  2.4
Dodging        | |  1.5
Spellcasting   | |  2.0

Action                   |  1- 3 |  4- 6 |  7- 9 || total
-------------------------+-------+-------+-------++-------
Melee: Mace              |    92 |   259 |    28 ||   379
 Cast: Song of Slaying   |       |     7 |     1 ||     8
       Infusion          |       |       |     1 ||     1
  Eat: Chunk             |       |     3 |       ||     3
       Ration            |       |     2 |       ||     2
Armor: Leather armour    |    58 |    51 |    21 ||   130
       Chain mail        |       |   156 |       ||   156
Dodge: Dodged            |    85 |   143 |    24 ||   252

Table legend:
 A = Non-vault XP
 B = Vault XP
 C = Vault XP percentage of total XP
 D = Non-vault monster count
 E = Vault monster count
 F = Vault count percentage of total count
                 A         B        C        D         E       F
            +---------+---------+-------+---------+---------+-------
      Total |     631 |     156 |  19.8 |      75 |       3 |   3.8
            +---------+---------+-------+---------+---------+-------
        D:1 |      40 |       0 |   0.0 |      23 |       0 |   0.0
        D:2 |     258 |       0 |   0.0 |      20 |       0 |   0.0
        D:3 |     253 |      14 |   5.2 |      27 |       2 |   6.9
        D:4 |      80 |     142 |  64.0 |       5 |       1 |  16.7
            +---------+---------+-------+---------+---------+-------
